 Dungeon Crawl Stone Soup version 0.30-a0-557-ge2afbf3030 (webtiles) character file.

Game seed: 9265626741583264957

4098 stormannn the Scholar of Death (level 10, -1/69 HPs)
             Began as a Ghoul Necromancer on Dec 27, 2022.
             Was a Follower of Kikubaaqudgha.
             Slain by a hellwing (6 damage)
             ... on level 7 of the Dungeon.
             The game lasted 00:48:27 (8817 turns).

stormannn the Scholar of Death (Ghoul Necromancer)  Turns: 8817, Time: 00:48:27

Health: -1/69      AC:  9    Str: 12 (13) XL:     10   Next: 26%
Magic:  13/13      EV: 12    Int: 14      God:    Kikubaaqudgha [*.....]
Gold:   1482       SH:  0    Dex:  8 (9)  Spells: 2/15 levels left

rFire   . . .      SeeInvis .    b - +0 dagger (venom)
rCold   + . .      Faith    .    (no shield)
rNeg    + + +      Spirit   .    a - +1 robe
rPois   ∞          Reflect  .    v - +0 helmet
rElec   .          Harm     .    (no cloak)
rCorr   .          Rampage  .    n - +0 pair of gloves
Will    .....                    (no boots)
Stlth   ++                       (no amulet)
HPRegen 0.00/turn                f - +4 ring of slaying
MPRegen 0.13/turn                g - +4 ring of protection

@: inhibited regen, hasted, very quick
A: claws 1, cold resistance 1, negative energy resistance 3, inhibited
regeneration, torment resistance 2, devour on kill
a: Renounce Religion, Unearth Wretches


You were on level 7 of the Dungeon.
You worshipped Kikubaaqudgha.
Kikubaaqudgha was aware of your devotion.
You visited 1 branch of the dungeon, and saw 7 of its levels.

You collected 1482 gold pieces.

Inventory:

Hand Weapons
 b - a +0 dagger of venom (weapon)
 i - a +0 spear of draining
Missiles
 h - 2 boomerangs of dispersal (quivered)
Armour
 a - a +1 robe (worn)
 n - a +0 pair of gloves (worn)
 v - a +0 helmet (worn)
Jewellery
 d - a +4 ring of protection
 f - a +4 ring of slaying (left hand)
 g - a +4 ring of protection (right hand)
 r - a ring of willpower
 w - a ring of see invisible
 x - a +4 ring of evasion
Wands
 c - a wand of mindburst (14)
 s - a wand of polymorph (20)
 y - a wand of flame (28)
Scrolls
 k - 2 scrolls of identify
 m - a scroll of amnesia
 o - 2 scrolls of enchant armour
Potions
 l - 3 potions of attraction
 z - a potion of lignification


   Skills:
 - Level 3.2 Dodging
 - Level 3.2 Stealth
 - Level 3.0 Spellcasting
 * Level 14.1 Necromancy


You had 2 spell levels left.
You knew the following spells:

 Your Spells              Type           Power      Damage    Failure   Level
a - Necrotise             Necr           100%       1d9       1%          1
b - Vampiric Draining     Necr           41%        2d8       1%          3
c - Animate Dead          Necr           41%        N/A       1%          4
d - Agony                 Necr           41%        N/A       1%          5

Your spell library contained the following spells:

 Spells                   Type           Power      Damage    Failure   Level
 Cigotuvi's Dreadful Rot  Necr/Pois/Air  30%        N/A       4%          2
 Freeze                   Ice            8%         1d3       22%         1
 Poisonous Vapours        Pois/Air       4%         N/A       32%         2
 Frozen Ramparts          Ice            4%         1d1       54%         3
 Hailstorm                Conj/Ice       2%         3d3       54%         3
 Mephitic Cloud           Conj/Pois/Air  2%         N/A       54%         3
 Ozocubu's Armour         Ice            2%         N/A       54%         3
 Simulacrum               Ice/Necr       10%        N/A       87%         6
 Summon Lightning Spire   Summ/Air       2%         N/A       91%         4
 Metabolic Englaciation   Hex/Ice        1%         N/A       99%         5
 Maxwell's Capacitive Co  Air            1%         ∞         100%        8


Dungeon Overview and Level Annotations

Branches:
Dungeon (7/15)             Temple (0/1) D:6

Altars:
Cheibriados
Fedhas
Kikubaaqudgha
Qazlal
Vehumet

Shops:
D:7 (

Annotations:
D:1 exclusion: gnoll


Innate Abilities, Weirdness & Mutations

You are immune to poison.
You have sharp fingernails.
Your flesh is cold resistant. (rC+)
You are immune to negative energy. (rN+++)
You do not regenerate when monsters are visible.
You are immune to unholy pain and torment.
You thrive by killing the living.


Message History

You hit the hellwing but do no damage.
The hellwing is almost dead.
Your centaur zombie hits the hellwing but does no damage.
Your centaur zombie barely misses the hellwing.
The hellwing hits your centaur zombie!
Your centaur zombie is destroyed!
You feel better.
You hit the hellwing but do no damage.
The hellwing is almost dead.
The hellwing hits you but does no damage. x2
You barely miss the hellwing.
The hellwing is almost dead.
You hit the hellwing but do no damage.
The hellwing is almost dead.
The hellwing barely misses you. The hellwing closely misses you.
You hit the hellwing but do no damage.
The hellwing is almost dead.
The hellwing hits you.
* * * LOW HITPOINT WARNING * * *
The hellwing barely misses you.
You hit the hellwing.
The hellwing is almost dead.
You barely miss the hellwing.
The hellwing is almost dead.
The hellwing misses you. The hellwing closely misses you.
You hit the hellwing but do no damage.
The hellwing is almost dead.
The hellwing barely misses you.
The hellwing hits you but does no damage.
You hit the hellwing but do no damage.
The hellwing is almost dead.
You closely miss the hellwing.
The hellwing is almost dead.
The hellwing closely misses you. The hellwing hits you.
* * * LOW HITPOINT WARNING * * *
As you read the scroll of fear, it crumbles to dust.
You assume a fearsome visage.
The hellwing easily resists.
The hellwing completely misses you. The hellwing hits you.
You die...
Kikubaaqudgha rasps: "You have failed me!
Welcome... oblivion!"

.......[..# #....Z#
............## ##..###
...........Z.####Z####
.....###.##..ZZ......
#.. ##..#####..###..
#.##..## #.## ##.
#...## #.# #. #4..#
#.# ## ##@..##### ..#
#.##.....# .#.
##########.# # #


You could see a hellwing (very poisoned).

Vanquished Creatures
  Pikel (D:4)
  A centaur skeleton (D:7)
  Prince Ribbit (D:6)
  Edmund (D:4)
  2 water moccasins (D:5)
  Duvessa (D:6)
  A sky beast (D:7)
  An orc warrior (D:5)
  2 ice beasts
  2 ogres
  4 phantoms
  A lemure (D:4)
  2 centaurs (D:7)
  2 kobold brigands (D:6)
  A bullfrog (D:6)
  A necrophage (D:5)
  3 scorpions (D:5)
  Dowan (D:6)
  4 killer bees (D:7)
  A wight (D:6)
  4 howler monkeys
  2 orc priests
  5 hounds
  Jessica (D:3)
  Robin (D:3)
  A gnoll (D:4)
  7 adders
  2 shadow imps (D:7)
  A white imp (D:6)
  3 ufetubi
  A worm (D:3)
  2 dart slugs
  28 orcs
  8 endoplasms
  4 giant cockroaches
  15 goblins
  4 hobgoblins
  10 jackals
  2 quokkas
  8 ball pythons
  6 bats
  4 frilled lizards
  14 kobolds
  7 rats
173 creatures vanquished.

Vanquished Creatures (collateral kills)
  A centaur zombie (D:7)
  An orc priest (D:7)
  A jelly (D:5)
  An iguana (D:5)
  A shadow imp (D:7)
  An orc (D:5)
  A frilled lizard (D:1)
  A kobold (D:2)
8 creatures vanquished.

Vanquished Creatures (others)
  A centaur zombie (D:7)
  2 killer bee zombies (D:7)
  2 kobold zombies (D:6)
  A howler monkey zombie (D:7)
  4 orc zombies (D:7)
  6 withered plants (D:7)
16 creatures vanquished.

Grand Total: 197 creatures vanquished

Notes
Turn   | Place    | Note
-------+----------+-------------------------------------------
     0 | D:1      | stormannn the Ghoul Necromancer began the quest for the
                  | Orb.
     0 | D:1      | Reached XP level 1. HP: 14/14 MP: 2/2
   231 | D:1      | Reached XP level 2. HP: 20/20 MP: 2/4
   725 | D:1      | Reached XP level 3. HP: 26/26 MP: 2/5
  1232 | D:1      | Learned a level 3 spell: Vampiric Draining
  1613 | D:2      | Found a faded altar of an unknown god.
  1755 | D:2      | Found a blossoming altar of Fedhas.
  2010 | D:2      | Reached XP level 4. HP: 33/33 MP: 6/6
  2022 | D:3      | Noticed Jessica
  2035 | D:3      | Killed Jessica
  2176 | D:3      | Reached XP level 5. HP: 36/38 MP: 8/8
  2416 | D:3      | Noticed Robin
  2449 | D:3      | Killed Robin
  3003 | D:3      | Found a snail-covered altar of Cheibriados.
  3354 | D:4      | Reached skill level 5 in Necromancy
  3354 | D:4      | Reached XP level 6. HP: 41/45 MP: 9/9
  3734 | D:4      | Reached skill level 6 in Necromancy
  3880 | D:4      | Noticed Pikel
  3908 | D:4      | Killed Pikel
  3909 | D:4      | Reached skill level 8 in Necromancy
  3909 | D:4      | Reached XP level 7. HP: 22/50 MP: 10/10
  3917 | D:4      | Learned a level 4 spell: Animate Dead
  4144 | D:4      | Found an ancient bone altar of Kikubaaqudgha.
  4247 | D:4      | Noticed Edmund
  4266 | D:4      | Killed Edmund
  4267 | D:4      | Reached XP level 8. HP: 57/57 MP: 11/11
  4298 | D:4      | Found a radiant altar of Vehumet.
  4302 | D:4      | Found a stormy altar of Qazlal.
  4651 | D:5      | Entered Level 5 of the Dungeon
  4731 | D:5      | Reached skill level 9 in Necromancy
  5113 | D:5      | Got the Disquisition on the Wind
  5204 | D:5      | Identified a scroll of acquirement
  5204 | D:5      | Acquired 1098 gold pieces
  5257 | D:5      | Identified the +0 leather armour of the Spider Nest
                  | {Stlth+}
  5312 | D:5      | Reached skill level 10 in Necromancy
  6063 | D:4      | Became a worshipper of Kikubaaqudgha
  6116 | D:5      | Learned a level 5 spell: Agony
  6217 | D:5      | Reached XP level 9. HP: 58/62 MP: 10/12
  6273 | D:5      | Reached skill level 11 in Necromancy
  6379 | D:6      | Found a staircase to the Ecumenical Temple.
  6791 | D:6      | Noticed Dowan
  6798 | D:6      | Noticed Duvessa
  6813 | D:6      | Killed Duvessa
  6829 | D:6      | Killed Dowan
  7064 | D:6      | Reached skill level 12 in Necromancy
  7522 | D:6      | Noticed Prince Ribbit
  7541 | D:6      | Killed Prince Ribbit
  8043 | D:7      | Found Baysm's Weapon Shoppe.
  8064 | D:7      | Noticed a hellwing
  8068 | D:7      | Reached * piety under Kikubaaqudgha
  8068 | D:7      | Received a gift from Kikubaaqudgha
  8069 | D:7      | Reached skill level 13 in Necromancy
  8069 | D:7      | Noticed a hellwing
  8092 | D:7      | Reached XP level 10. HP: 25/69 MP: 13/13
  8382 | D:7      | Reached skill level 14 in Necromancy
  8817 | D:7      | Slain by a hellwing

Illustrated notes

Levels and vault maps discovered:
D:1:      amcnicky_arrival_gap_in_the_tavern_cellar, layout_basic, minivault_4
D:2:      layout_loops_ring, basic_altar, ebering_ecumenical_altar_abandoned
D:3:      minmay_door_path, layout_basic, mainiacjoe_overflow_alcove_2,
          uniq_robin, uniq_jessica
D:4:      layout_loops_corners, nicolae_overflow_hidden_temple, st_stairs_9,
          wad_rectangle_vault, uniq_pikel, uniq_edmund
D:5:      layout_gridville, minmay_misc_feat_ornament,
          chequers_serial_rivers_micro_d
D:6:      layout_loops_ring, minmay_temple_entry_junction_2, grunt_ministairs_7,
          uniq_prince_ribbit1, uniq_duvessa
D:7:      cheibrodos_grave_circle, layout_layer_cave,
          kennysheep_okawaru_gauntlet, serial_shops, shop_fountains,
          hellmonk_guarded_unrand_gong

Skill      XL: |  1  2  3  4  5  6  7  8  9 10 |
---------------+-------------------------------+-----
Dodging        | 2 3 |  3.2
Spellcasting   | 2 3 |  3.0
Stealth        | 3 |  3.2
Necromancy     | 5 8 10 13 14 | 14.1

Action                   |  1- 3 |  4- 6 |  7- 9 | 10-12 || total
-------------------------+-------+-------+-------+-------++-------
Melee: Unarmed           |    13 |       |       |       ||    13
       Dagger            |    52 |   169 |   320 |    77 ||   618
       Punch             |     1 |     4 |       |     1 ||     6
       Spear             |     8 |    25 |    15 |     1 ||    49
Throw: Boomerang         |       |     2 |       |       ||     2
 Cast: Necrotise         |    24 |     3 |     9 |       ||    36
       Animate Dead      |       |       |    14 |     2 ||    16
       Vampiric Draining |       |       |     5 |     4 ||     9
       Agony             |       |       |     4 |     2 ||     6
Evoke: Wand              |       |       |    22 |     6 ||    28
  Use: Scroll            |     7 |     3 |    11 |     4 ||    25
       Potion            |     1 |     1 |     6 |    11 ||    19
 Stab: Sleeping          |     2 |     7 |     4 |       ||    13
       Distracted        |       |       |     1 |     2 ||     3
Armor: Robe              |    21 |    60 |   155 |    36 ||   272
Dodge: Dodged            |    52 |    87 |   268 |    71 ||   478

Table legend: (Time is in decaauts)
 A = Elapsed time spent in this place.
 B = Non-inter-level travel time spent in this place.
 C = Inter-level travel time spent in this place.
 D = Time resting spent in this place.
 E = Time spent auto-exploring this place.
 F = Levels seen in this place.
 G = Mean time per level.
                   A        B        C        D        E       F      G
               +--------+--------+--------+--------+--------+-----+--------+
         Total |   8784 |   8265 |    519 |   1132 |   4298 |   7 | 1254.9 |
       Dungeon |   8784 |   8265 |    519 |   1132 |   4298 |   7 | 1254.9 |
               +--------+--------+--------+--------+--------+-----+--------+

Top non-repeatable levels by time:
     D:5: 1684 daAuts
     D:4: 1535 daAuts
     D:6: 1311 daAuts
     D:3: 1253 daAuts
     D:1: 1234 daAuts
     D:7: 1009 daAuts
     D:2: 755 daAuts
